 Dungeon Crawl Stone Soup version 0.30-a0-782-ge64f9170bb (webtiles) character file.

Game seed: 6679141697086297869

1473 mopl the Slasher (level 8, 0/48 HPs)
             Began as a Tengu Warper on Mar 13, 2023.
             Slain by a gnoll sergeant
             ... wielding a +0 trident
              (11 damage)
             ... on level 5 of the Dungeon.
             The game lasted 00:08:07 (3610 turns).

mopl the Slasher (Tengu Warper)                     Turns: 3610, Time: 00:08:08

Health: 0/48       AC:  7    Str: 14    XL:     8   Next: 78%
Magic:  14/14      EV: 14    Int: 13    God:
Gold:   341        SH:  0    Dex: 14    Spells: 7/14 levels left

rFire   . . .      SeeInvis .    b - +1 short sword (venom)
rCold   . . .      Faith    +    (no shield)
rNeg    . . .      Spirit   .    p - +0 ring mail
rPois   +          Reflect  .    (helmet restricted)
rElec   .          Harm     .    f - +0 cloak
rCorr   .          Rampage  .    (no gloves)
Will    +....                    (boots unavailable)
Stlth   +                        y - amulet of faith {!P}
HPRegen 0.28/turn                l - ring of willpower
MPRegen 0.14/turn                t - ring of poison resistance

@: flying quickly and evasively, quick
A: beak, talons 3, nimble flight
a: no special abilities


You were on level 5 of the Dungeon.
You visited 1 branch of the dungeon, and saw 5 of its levels.
You also visited: Sewer.

You collected 341 gold pieces.

Inventory:

Hand Weapons
 a - a +0 long sword
 b - a +1 short sword of venom (weapon)
 k - a +0 falchion
Missiles
 d - 9 boomerangs of dispersal
 e - 9 boomerangs (quivered)
 s - 3 poisoned darts
Armour
 f - a +0 cloak (worn)
 p - a +0 ring mail (worn)
Jewellery
 l - a ring of willpower (left hand)
 t - a ring of poison resistance (right hand)
 y - an amulet of faith (around neck) {!P}
Scrolls
 c - 2 scrolls of blinking
 m - 3 scrolls of teleportation {unknown}
 n - 3 scrolls of identify
 q - a scroll of poison {unknown}
 r - a scroll of brand weapon {unknown}
 x - 2 scrolls of enchant weapon {unknown}
 A - a scroll of fear {unknown}
Potions
 g - a potion of might {unknown}
 h - 3 potions of brilliance
 i - 3 potions of curing
 j - a potion of mutation {!q}
 o - 3 potions of degeneration {unknown}
 u - a potion of attraction
 v - a potion of flight
 w - a potion of heal wounds {unknown}
 z - a potion of haste {unknown}


   Skills:
 + Level 4.1 Fighting
 * Level 6.1 Long Blades
 + Level 3.5 Throwing
 + Level 4.0 Armour
 + Level 4.5 Dodging
 + Level 3.9 Spellcasting
 + Level 3.7 Translocations
 + Level 2.1 Air Magic


You had 7 spell levels left.
You knew the following spells:

 Your Spells              Type           Power      Damage    Failure   Level
a - Vhi's Electric Charg  Tloc/Air       20%        N/A       34%         3
b - Lesser Beckoning      Tloc           24%        N/A       13%         2
e - Blink                 Tloc           24%        N/A       13%         2

Your spell library contained the following spells:

 Spells                   Type           Power      Damage    Failure   Level
 Teleport Other           Tloc           12%        N/A       26%         3
 Static Discharge         Conj/Air       10%        2-3/arc   36%         2
 Scorch                   Fire           4%         2d5       52%         2
 Manifold Assault         Tloc           12%        N/A       63%         4
 Flame Wave               Conj/Fire      2%         2d4       99%         4
 Arcjolt                  Conj/Air       2%         1d12      100%        5
 Lightning Bolt           Conj/Air       2%         1d14      100%        5
 Summon Cactus Giant      Summ           1%         N/A       100%        6


Dungeon Overview and Level Annotations

Branches:
Dungeon (5/15)              Sewer (visited)
 Temple: D:4-7

Altars:
Elyvilon
Makhleb


Innate Abilities, Weirdness & Mutations

You have a beak for a mouth.
You have claws for feet.
Your magical nature lets you fly swiftly and evasively.


Message History

You closely miss the gnoll.
The gnoll is moderately wounded.
The gnoll hits you but does no damage.
The gnoll sergeant hits you from afar with a +0 trident.
You hit the gnoll.
The gnoll looks as sick as possible!
Your kick misses the gnoll. You peck the gnoll.
The gnoll is almost dead.
The gnoll barely misses you.
The gnoll sergeant hits you from afar with a +0 trident.
You hit the gnoll but do no damage.
The gnoll looks as sick as possible!
You claw the gnoll, but do no damage.
The gnoll is almost dead.
You closely miss the gnoll. You peck the gnoll.
You kill the gnoll!
The gnoll sergeant hits you from afar with a +0 trident!
The gnoll sergeant barely misses you.
You see here a +0 club.
You closely miss the gnoll sergeant. Your kick misses the gnoll sergeant.
You peck the gnoll sergeant, but do no damage.
The gnoll sergeant closely misses you.
You hit the gnoll sergeant but do no damage.
The gnoll sergeant is poisoned.
The gnoll sergeant hits you with a +0 trident.
You hit the gnoll sergeant.
The gnoll sergeant looks as sick as possible!
You claw the gnoll sergeant.
The gnoll sergeant is lightly wounded.
The gnoll sergeant hits you with a +0 trident!
You hit the gnoll sergeant but do no damage.
The gnoll sergeant looks as sick as possible!
You claw the gnoll sergeant!
You peck the gnoll sergeant, but do no damage.
The gnoll sergeant is heavily wounded.
You hit the gnoll sergeant. Your kick misses the gnoll sergeant.
The gnoll sergeant is heavily wounded.
The gnoll sergeant hits you but does no damage.
The gnoll sergeant hits you from afar with a +0 trident.
* * * LOW HITPOINT WARNING * * *
The gnoll sergeant hits you from afar with a +0 trident!
You die...

#...#### #...#
###.######..#
#≈≈≈≈≈≈≈≈≈#
#≈##≈≈≈##≈#
#≈#######≈#
##≈≈#...#≈≈#
#..)gg."#≈≈#
#.≈≈#g..#≈≈#
#.@#######≈#
#.≈##≈≈≈##≈#
#.≈≈≈≈≈≈≈≈≈#####...
#..................
##########........#
##########


You could see a gnoll sergeant (extremely poisoned) and a gnoll.

Vanquished Creatures
  Sigmund (D:3)
  A water moccasin (D:5)
  Pargi (Sewer)
  A black bear (D:5)
  A centaur (D:4)
  A phantom (D:4)
  2 scorpions
  5 killer bees (D:5)
  A jelly (D:4)
  An orc priest (D:3)
  3 hounds
  2 iguanas (D:5)
  An orc wizard (D:5)
  Robin (D:3)
  8 gnolls
  7 adders
  2 worms
  3 dart slugs
  11 orcs
  3 endoplasms
  8 giant cockroaches
  12 hobgoblins
  5 jackals (D:1)
  12 kobolds
  4 quokkas
  10 ball pythons
  3 bats (Sewer)
  5 frilled lizards
  15 goblins
  9 rats
139 creatures vanquished.

Notes
Turn   | Place    | Note
-------+----------+-------------------------------------------
     0 | D:1      | mopl the Tengu Warper began the quest for the Orb.
     0 | D:1      | Reached XP level 1. HP: 12/12 MP: 4/4
     9 | D:1      | You fall into a shaft and drop 1 floor!
   143 | D:2      | Reached XP level 2. HP: 16/17 MP: 6/6
   282 | D:1      | Reached XP level 3. HP: 21/21 MP: 7/7
   604 | D:2      | Learned a level 2 spell: Blink
   912 | D:2      | Reached skill level 3 in Long Blades
   939 | D:2      | Reached XP level 4. HP: 6/26 MP: 8/8
  1607 | D:3      | Reached skill level 2 in Armour
  1607 | D:3      | Reached skill level 3 in Dodging
  1607 | D:3      | Gained mutation: Your magical nature lets you fly swiftly
                  | and evasively. [Tengu growth]
  1607 | D:3      | Reached XP level 5. HP: 20/31 MP: 9/9
  1720 | D:3      | Noticed Sigmund
  1730 | D:3      | Killed Sigmund
  1731 | D:3      | Reached skill level 4 in Long Blades
  1731 | D:3      | Reached skill level 2 in Throwing
  1731 | D:3      | Reached skill level 3 in Translocations
  1731 | D:3      | Reached XP level 6. HP: 33/36 MP: 9/11
  1927 | D:3      | Noticed Robin
  1940 | D:3      | Killed Robin
  1941 | D:3      | Reached skill level 3 in Fighting
  2151 | D:4      | Found a white marble altar of Elyvilon.
  2236 | D:4      | Reached skill level 3 in Spellcasting
  2236 | D:4      | Reached XP level 7. HP: 39/41 MP: 12/12
  2387 | D:4      | Reached skill level 3 in Armour
  2574 | D:4      | Found a glowing drain.
  2587 | Sewer    | Entered a sewer
  2641 | Sewer    | Noticed Pargi
  2649 | Sewer    | Killed Pargi
  2650 | Sewer    | Reached skill level 5 in Long Blades
  2717 | D:4      | Found a burning altar of Makhleb.
  2936 | D:4      | Learned a level 2 spell: Lesser Beckoning
  2940 | D:4      | Learned a level 3 spell: Vhi's Electric Charge
  2975 | D:5      | Entered Level 5 of the Dungeon
  3009 | D:5      | Reached skill level 4 in Dodging
  3009 | D:5      | Reached XP level 8. HP: 39/48 MP: 14/14
  3064 | D:5      | Reached skill level 3 in Throwing
  3099 | D:5      | Reached skill level 1 in Air Magic
  3142 | D:5      | Identified the +3 hand axe of Trog's Castigation
                  | {antimagic, Stlth+}
  3251 | D:5      | Reached skill level 4 in Fighting
  3259 | D:5      | Reached skill level 6 in Long Blades
  3279 | D:5      | Reached skill level 2 in Air Magic
  3283 | D:5      | Reached skill level 4 in Armour
  3610 | D:5      | Slain by a gnoll sergeant

Illustrated notes

Levels and vault maps discovered:
D:1:      mrwooster_arrival_arrow, layout_rooms, minmay_circled_x
D:2:      layout_loops_ring, hangedman_decor_points, kennysheep_minor_cross,
          hangedman_decor_clover_reticule, kennysheep_small_spiral,
          grunt_decor_mini_mirrors
D:3:      layout_basic, serial_corexii_hall, corexii_hall_statues_x,
          corexii_hall_statues_deadend, kennysheep_donut, minmay_starry_boxes,
          uniq_robin, uniq_sigmund
D:4:      layout_gridville, makhleb_blood_cavern_becter, elyvilon_altar_5,
          portal_sewer_entry_d
D:5:      layout_loops_ring, minmay_temple_entry_tees, lightli_minifort

Skill      XL: |  1  2  3  4  5  6  7  8 |
---------------+-------------------------+-----
Long Blades    | 3 4 5 6 |  6.1
Armour         | 2 3 4 |  4.0
Dodging        | 3 4 |  4.5
Throwing       | 2 3 |  3.5
Translocations | 3 |  3.7
Fighting       | 3 4 |  4.1
Spellcasting   | 3 |  3.9
Air Magic      | 2 |  2.1

Action                     |  1- 3 |  4- 6 |  7- 9 || total
---------------------------+-------+-------+-------++-------
  Melee: Falchion          |    53 |       |       ||    53
         Kick              |    27 |    36 |    48 ||   111
         Peck              |    13 |    26 |    36 ||    75
         Punch             |     1 |     2 |     1 ||     4
         Long sword        |    52 |    14 |    66 ||   132
         Short sword       |       |   111 |   118 ||   229
  Throw: Boomerang         |     1 |     2 |     8 ||    11
   Cast: Blink             |       |       |     1 ||     1
    Use: Scroll            |       |     3 |       ||     3
         Potion            |       |       |     2 ||     2
   Stab: Sleeping          |     1 |       |       ||     1
 Armour: Leather armour    |    35 |    10 |       ||    45
         Ring mail         |       |    18 |    63 ||    81
  Dodge: Dodged            |    57 |    54 |   128 ||   239

Table legend: (Time is in decaauts)
 A = Elapsed time spent in this place.
 B = Non-inter-level travel time spent in this place.
 C = Inter-level travel time spent in this place.
 D = Time resting spent in this place.
 E = Time spent auto-exploring this place.
 F = Levels seen in this place.
 G = Mean time per level.
                   A        B        C        D        E       F      G
               +--------+--------+--------+--------+--------+-----+--------+
         Total |   3464 |   3329 |    135 |    290 |   1852 |   6 |  577.3 |
       Dungeon |   3361 |   3226 |    135 |    290 |   1796 |   5 |  672.2 |
         Sewer |    103 |    103 |      0 |      0 |     56 |   1 |  103.0 |
               +--------+--------+--------+--------+--------+-----+--------+

Top non-repeatable levels by time:
     D:2: 917 daAuts
     D:3: 737 daAuts
     D:4: 666 daAuts
     D:5: 581 daAuts
     D:1: 458 daAuts
   Sewer: 103 daAuts
